[Event "*** Titled Tuesday Blitz"]
[Site "Chess.com"]
[Date "2020.05.05"]
[Round "1"]
[White "Azatic"]
[Black "Semen16"]
[Result "1-0"]
[WhiteElo "2643"]
[BlackElo "2317"]
[TimeControl "180+1"]
[EndTime "10:08:20 PDT"]
[Termination "Azatic won by checkmate"]

1. e4 e5 2. Nf3 Nc6 3. Bb5 a6 4. Ba4 Nf6 5. O-O Be7 6. Re1 b5 7. Bb3 O-O 8. d4 d6 9. c3 exd4 10. Nxd4 Na5 11. Bc2 c5 12. Nf3 Bg4 13. Nbd2 Re8 14. h3 Bh5 15. Nf1 Bf8 16. Ng3 Bg6 17. Bf4 Nc4 18. b3 Ne5 19. Nxe5 dxe5 20. Be3 Qc7 21. Qf3 Rad8 22. Rad1 c4 23. b4 Rxd1 24. Rxd1 Rd8 25. a4 Be7 26. axb5 axb5 27. Ra1 Qd6 28.
h4 h6 29. h5 Bh7 30. Nf5 Bxf5 31. Qxf5 Qd7 32. Qxd7 Rxd7 33. Ra5 Rb7 34. Ra8+ Kh7 35. f4 Nxh5 36. fxe5 Bg5 37. Bd4 Nf4 38. Kf2 Ne6 39. Ke2 Rd7 40. Be3 Nf4+ 41. Kf3 Nxg2 42. Bxg5 Ne1+ 43.
Ke2 Nxc2 44. Bd2 Re7 45. Ra2 Rxe5 46. Kf3 Rxe4 47. Kxe4 g6 48. Rxc2 Kg7 49. Ra2 g5 50.
Ra7 Kg6 51. Be3 f5+ 52. Ke5 f4 53. Ra6+ Kh5 54. Bxf4 gxf4 55. Kxf4 Kh4 56. Rxh6# 1-0

[Event "*** Titled Tuesday Blitz"]
[Site "Chess.com"]
[Date "2020.05.05"]
[Round "1"]
[White "Opening_Prep"]
[Black "olksuna"]
[Result "1-0"]
[WhiteElo "2321"]
[BlackElo "2601"]
[TimeControl "180+1"]
[EndTime "10:08:20 PDT"]
[Termination "Opening_Prep won on time"]

1. d4 e6 2. c4 f5 3. g3 Nf6 4. Bg2 d5 5. Nh3 c6 6. O-O Be7 7. Qc2 O-O 8. Nf4 Ne4 9. Nd3 b6 10. Nd2 Bb7 11. Nf3 Nd7 12. Bf4 Rc8 13. Qa4 a6 14. Rac1 c5 15. cxd5 b5 16. Qd1 Bxd5 17. dxc5 Ndxc5 18. b3 Qb6 19. Be3 Qb7 20. Nxc5 Nxc5 21.
Qd4 Rfd8 22. Qb2 a5 23. Bd4 Bf8 24. Rfd1 b4 25. Ne1 Bxg2 26. Nxg2 Ne4 27. Rxc8 Qxc8 28.
Ne3 h6 29. f3 Nc3 30. Bxc3 bxc3 31. Qc2 Bc5 32. Rxd8+ Qxd8 33. Qxc3 Bd4 34. Qd3 e5 35. Kg2 f4 36. Nf5 Qb6 37. Qc4+ Kh7 38. Qf7 e4 39. Ne7 Qd8 40. Qg6+ Kh8 41. Qxe4 Bf6 42. Ng6+ Kg8 43. Nxf4 Qb8 44. Qd5+ Kh7 45. Qxa5 Be5 46. Qa4 Bf6 47. Qe4+ Kh8 48. h4 Kg8 49. h5 Kh8 50. Ng6+ Kg8 51. Qe6+ Kh7 52. a4 Qb4 53. Qc4 Qb8 54. Nf4 Bg5 55. a5 Bd8 56. a6 Bb6 57. Qe4+ Kg8 58. Qb7 Qd6 59. a7 Bxa7 60. Qxa7 Qd1 61. Qf2 Kh7 62.
Qe3 Qb1 63. Qe4+ 1-0

[Event "*** Titled Tuesday Blitz"]
[Site "Chess.com"]
[Date "2020.05.05"]
[Round "1"]
[White "vladimirdamjanovic"]
[Black "isla88"]
[Result "1-0"]
[WhiteElo "2605"]
[BlackElo "2279"]
[TimeControl "180+1"]
[EndTime "10:08:20 PDT"]
[Termination "vladimirdamjanovic won by resignation"]

1. d4 Nf6 2. Bf4 d6 3. Nc3 g6 4.
e3 Bg7 5. h4 h6 6. Be2 O-O 7.
Qd2 Nbd7 8. g4 Ne8 9. h5 g5 10. Bg3 e5 11. Nf3 exd4 12. Nxd4 Ne5 13. f3 c6 14.
O-O-O Qc7 15. Rhg1 b5 16. f4 Nc4 17. Bxc4 bxc4 18. fxg5 hxg5 19. h6 Bxh6 20. Rh1 Bg7 21. Qh2 Nf6 22. Bxd6 Qb6 23. Bxf8 Kxf8 24. Qd6+ Kg8 25.
Na4 Qa5 26. Nxc6 Ne4 27. Nxa5 Nxd6 28. Rxd6 Bxg4 29. Nc6 Re8 30. Rd8 Rxd8 31. Nxd8 Bf6 32. Nc6 Bd7 33. Rf1 Bg7 34. Ne7+ Kf8 35. Nc5 Bh3 36.
Rh1 Bg4 37. Nd5 Bf3 38. Rd1 Bxd1 39. Kxd1 g4 40. c3 f5 41. Nf4 Kf7 42. Nce6 Be5 43. Ke2 a5 44. a4 Bb8 45. Nc5 Bc7 46. Nd7 Ke7 47. Nc5 Bd6 48. Nce6 Be5 49. Nd4 g3 50.
Nxf5+ Kf6 51. Nxg3 Bc7 52. Kf3 Kf7 53. Ne4 Bb6 54.
Ne2 Bd8 55. Nd6+ Ke6 56. Nxc4 Bc7 57. Nd4+ Kd5 58. Nd2 Kc5 59. e4 Kd6 60. Ke3 Ke5 61. N2f3+ Kf6 62. e5+ Bxe5 63. Nxe5 1-0

[Event "*** Titled Tuesday Blitz"]
[Site "Chess.com"]
[Date "2020.05.05"]
[Round "1"]
[White "GMKrikor"]
[Black "kingofthenil"]
[Result "0-1"]
[WhiteElo "2863"]
[BlackElo "2463"]
[TimeControl "180+1"]
[EndTime "10:08:21 PDT"]
[Termination "kingofthenil won by resignation"]

1. Nf3 Nf6 2. c4 e6 3. Nc3 d5 4. e3 Bd6 5. b3 b6 6. Bb2 Bb7 7.
Nb5 Be7 8. Be5 Na6 9. Rc1 c6 10. Nbd4 c5 11. Nb5 O-O 12. Be2 Nb4 13. a3 Nc6 14. Bb2 a6 15. Nc3 d4 16. Na4 e5 17.
d3 Bd6 18. e4 Nd7 19. Ba1 b5 20. Nb2 Qa5+ 21. Nd2 Qxa3 22. O-O g6 23. cxb5 axb5 24. Ndc4 bxc4 25. Nxc4 Qxc1 26. Qxc1 Bc7 27. Bb2 Nb4 28. Ba3 Na2 29. Qb2 Nc3 30. Bg4 f5 31. exf5 gxf5 32. Bh5 Nf6 33. Bd1 Nd7 34. b4 Kh8 35.
bxc5 Bc6 36. Bb3 Rg8 37. f3 Rab8 38. Qc2 e4 39. dxe4 fxe4 40. Bb2 exf3 41. g3 Bxg3 42. hxg3 Rxg3+ 43. Kf2 Rg2+ 44. Ke1 Re2+ 45. Qxe2 fxe2 46. Rf7 Rxb3 47. Bc1 Bd5 48. Kd2 Nb1+ 49. Kc2 Bxf7 50. Nd6 e1=Q 51. Nxf7+ Kg7 52. Ne5 Qc3+ 53. Kd1 Nxe5 54.
Bh6+ Kg6 55. Ke2 Qd3+ 56. Kf2 Rb2+ 0-1

[Event "*** Titled Tuesday Blitz"]
[Site "Chess.com"]
[Date "2020.05.05"]
[Round "1"]
[White "Cocaino74"]
[Black "BilguunSu"]
[Result "1-0"]
[WhiteElo "2345"]
[BlackElo "2611"]
[TimeControl "180+1"]
[EndTime "10:08:21 PDT"]
[Termination "Cocaino74 won by resignation"]

1. e4 c5 2. Ne2 e6 3. g3 b6 4. Bg2 Bb7 5. O-O Nf6 6. Nbc3 a6 7. a3 Qc7 8. h3 Nc6 9. f4 d6 10. d4 cxd4 11. Nxd4 Nxd4 12. Qxd4 d5 13. Qd3 Bc5+ 14. Kh2 dxe4 15. Nxe4 Nxe4 16. Bxe4 Rd8 17. Qf3 Bxe4 18. Qxe4 O-O 19. c3 Rd6 20. b4 f5 21.
Qf3 Rfd8 22. bxc5 Qxc5 23. Be3 Qxc3 24. h4 Rd3 25. Rfe1 h6 26. Kh3 Kh7 27. Qf2 b5 28. Qe2 Qb3 29. h5 Qd5 30. Qg2 Qb3 31. Qf3 Rc8 32.
Rad1 Rcc3 33. Rxd3 Rxd3 34. Qe2 Qxa3 35. Bf2 Qb3 36.
Qxe6 Qxe6 37. Rxe6 a5 38. Ra6 a4 39. Ra5 Rb3 40.
Bd4 Rb4 41. Be5 Kg8 42. Ra8+ Kf7 43. Ra7+ Ke6 44. Bxg7 Rb3 45. Ra5 a3 46. Be5 b4 47.
Ra6+ Kd5 48. Rxh6 Ke4 49. Ra6 Kf3 50. h6 Rb1 51. Kh4 Ke4 52. Kg5 Rh1 53. Ra4 Kd3 54.
Rxb4 a2 55. Ra4 Rh2 56. Ra3+ Ke4 57. Ra7 Kd5 58. h7 a1=Q 59. Rxa1 Ke6 60. Ra6+ Kd5 61. h8=Q Rxh8 62. Bxh8 Ke4 63. Re6+ 1-0

[Event "*** Titled Tuesday Blitz"]
[Site "Chess.com"]
[Date "2020.05.05"]
[Round "1"]
[White "albano87"]
[Black "OK97"]
[Result "1-0"]
[WhiteElo "2394"]
[BlackElo "2711"]
[TimeControl "180+1"]
[EndTime "10:08:22 PDT"]
[Termination "albano87 won by resignation"]

1. Nf3 d5 2. g3 g6 3. Bg2 Bg7 4. O-O e5 5. d3 Ne7 6. e4 Nbc6 7. a4 O-O 8. exd5 Nxd5 9. Re1 Re8 10. a5 a6 11. Bd2 Bf5 12. Nc3 Nxc3 13. Bxc3 Qd7 14. Ng5 Rab8 15. Ne4 Bh3 16. Nc5 Qc8 17. Bxc6 bxc6 18.
Qf3 Bd7 19. b4 f6 20. d4 Bf5 21. dxe5 fxe5 22. Qxc6 Ra8 23. Bxe5 Bxe5 24. Qd5+ Kg7 25. Rxe5 Rd8 26. Re7+ Kh6 27. Qf7 Rh8 28. h4 Qf8 29.
Qxf8+ Rhxf8 30. Rxc7 Bxc2 31. Re1 Bf5 32. Ree7 Rh8 33.
Ne4 Raf8 34. Ng5 Kh5 35. Rxh7+ Rxh7 36. Rxh7+ Kg4 37. Kg2 Bc8 38. f3+ Kf5 39. Rf7+ Rxf7 40. Nxf7 Kf6 41. Nd6 Bd7 42. Ne4+ Ke5 43. Nc5 Bb5 44.
g4 Kf4 45. Ne6+ Ke3 46. Nc7 Bc6 47. Kg3 Bxf3 48. Nxa6 Be2 49. Nc7 Kd4 50. b5 Kc5 51. b6 Kc6 52. Kf4 Kb7 53. Kg5 Bd1 54. h5 gxh5 55.
gxh5 Kc6 56. h6 Bc2 57. Kf6 Kb7 58. Kg7 1-0

[Event "*** Titled Tuesday Blitz"]
[Site "Chess.com"]
[Date "2020.05.05"]
[Round "1"]
[White "WastefulJustice"]
[Black "Gabrielian_Artur"]
[Result "0-1"]
[WhiteElo "2361"]
[BlackElo "2703"]
[TimeControl "180+1"]
[EndTime "10:08:22 PDT"]
[Termination "Gabrielian_Artur won by resignation"]

1. e4 c5 2. Nf3 d6 3. Nc3 Nc6 4. d4 cxd4 5. Nxd4 Nf6 6. Bg5 e6 7. Qd2 a6 8. O-O-O Bd7 9. f4 Be7 10. Nf3 b5 11. Bxf6 gxf6 12. f5 Qa5 13. Kb1 h5 14. g3 Rc8 15. fxe6 fxe6 16. Bh3 Ne5 17.
Nd4 Nc4 18. Qd3 Qb4 19. Nb3 a5 20. Ne2 Ne5 21. Qe3 a4 22. a3 Qc4 23. Nbd4 b4 24.
axb4 Qxb4 25. Bxe6 Bxe6 26. Nxe6 Nc4 27. Qd4 Na3+ 28.
Ka2 Nxc2 29. Qxb4 Nxb4+ 30. Ka3 d5 31. exd5 Nxd5+ 32. Kxa4 Ne3 33. Rd3 Nc4 34. Rc3 Kf7 35. N2d4 Nxb2+ 36. Kb3 Rxc3+ 37. Kxc3 Na4+ 38. Kb3 Nb6 39. Re1 Nd5 40. Nf5 Rb8+ 41. Kc4 Nb6+ 42. Kd3 Bf8 43.
Ned4 Nd5 44. Kc4 Nb6+ 45. Kd3 Nd5 46. Kc4 Nc7 47. Rc1 Rb4+ 48. Kd3 Nd5 49. Rc6 Rb1 50.
h4 Nb4+ 51. Kc4 Nxc6 52. Nxc6 Rc1+ 53. Kd5 Rc5+ 0-1

[Event "*** Titled Tuesday Blitz"]
[Site "Chess.com"]
[Date "2020.05.05"]
[Round "1"]
[White "chessdjw"]
[Black "leoduarte"]
[Result "1-0"]
[WhiteElo "2652"]
[BlackElo "2327"]
[TimeControl "180+1"]
[EndTime "10:08:22 PDT"]
[Termination "chessdjw won by checkmate"]

1. e4 c5 2. Nf3 e6 3. d4 cxd4 4. Nxd4 Nc6 5. Nc3 Qc7 6. g3 Nxd4 7. Qxd4 d6 8. Bg2 Bd7 9. O-O Nf6 10. Re1 Be7 11.
a4 a6 12. h3 Rc8 13. Be3 O-O 14.
a5 Bc6 15. Qd2 Nd7 16. Bd4 Ne5 17. b3 Rfd8 18. f4 Ng6 19. Kh2 Re8 20. h4 e5 21.
Bb6 Qb8 22. f5 Nf8 23. Re2 Nd7 24. Be3 Qc7 25. Kh3 h5 26. Bf3 Nf6 27. Bg5 Bb5 28.
Nxb5 axb5 29. Bxf6 Bxf6 30. Bxh5 Qc3 31. Qxc3 Rxc3 32.
Rd1 Be7 33. Rd5 Rc5 34. Red2 Rec8 35. Be2 Rxc2 36. Bxb5 Rxd2 37. Rxd2 Rc5 38. Bc4 Rxa5 39. Bd5 b6 40. g4 Rc5 41. g5 Kf8 42. Kg4 g6 43. f6 Bd8 44. h5 gxh5+ 45. Kxh5 Rc1 46. Rh2 Rg1 47. Kh6 Rg3 48. Rh5 Rg1 49. Kh7 Rg2 50.
Kh8 Rg1 51. Kh7 Rg2 52. Kh6 Rg1 53. Bc4 Rg2 54. Rh1 Rg3 55. Kh5 Rc3 56. Kg4 b5 57. Rh8# 1-0

[Event "*** Titled Tuesday Blitz"]
[Site "Chess.com"]
[Date "2020.05.05"]
[Round "1"]
[White "Grootneus"]
[Black "Flawless_Fighter"]
[Result "0-1"]
[WhiteElo "2182"]
[BlackElo "2531"]
[TimeControl "180+1"]
[EndTime "10:08:22 PDT"]
[Termination "Flawless_Fighter won by checkmate"]

1. e4 e6 2. d4 d5 3. Nc3 Nf6 4. e5 Nfd7 5. f4 c5 6. Nf3 Nc6 7. Be3 a6 8. Qd2 b5 9. dxc5 Bxc5 10.
a3 Qb6 11. Bf2 O-O 12. Bd3 Bxf2+ 13. Qxf2 Qxf2+ 14. Kxf2 f6 15. exf6 gxf6 16. f5 Nc5 17. Rhe1 d4 18. Ne4 Nxd3+ 19. cxd3 e5 20. Rac1 Ne7 21. g4 Nd5 22. Rc5 Nf4 23. Rd1 Bb7 24. Rc7 Nxd3+ 25. Rxd3 Bxe4 26. Rd1 Bd5 27. Rdc1 Bc4 28. a4 Rac8 29. Rxc8 Rxc8 30. Nd2 Rc6 31. axb5 axb5 32. b3 Bd5 33. Rxc6 Bxc6 34. b4 Bd5 35. Nb1 Kf7 36. Na3 Bc6 37. Ke2 Ke7 38. Nc2 Kd6 39.
Ne1 e4 40. Ng2 Ke5 41. h3 Bd5 42. Ne1 Bc4+ 43. Kd2 e3+ 44. Kd1 Ke4 45. g5 fxg5 46.
f6 d3 47. Ng2 Bb3+ 48. Ke1 d2+ 49. Kf1 d1=Q+ 50. Ne1 Bc4+ 51. Kg1 Qxe1+ 52. Kh2 Qf2+ 53. Kh1 Qxf6 54. h4 Qf3+ 55. Kh2 Bf1 56. h5 Qg2# 0-1

[Event "*** Titled Tuesday Blitz"]
[Site "Chess.com"]
[Date "2020.05.05"]
[Round "1"]
[White "Caisachess"]
[Black "theblitzchamp"]
[Result "0-1"]
[WhiteElo "2339"]
[BlackElo "2672"]
[TimeControl "180+1"]
[EndTime "10:08:23 PDT"]
[Termination "theblitzchamp won by checkmate"]

1. e4 e5 2. Nf3 Nc6 3. Bc4 Nf6 4.
d3 Be7 5. O-O O-O 6. Re1 a6 7. a4 d6 8. h3 Be6 9. Nbd2 Nd7 10.
Nf1 Bxc4 11. dxc4 f5 12. exf5 Rxf5 13. Ng3 Rf8 14. b3 Nc5 15. Be3 Ne6 16. Qd5 Qc8 17. Ne4 Kh8 18. Rad1 Nf4 19. Bxf4 Rxf4 20. Neg5 Bxg5 21.
Nxg5 Qd7 22. c5 h6 23. Ne4 Ne7 24. Qd2 d5 25. Nc3 d4 26. Ne4 Raf8 27. f3 Nf5 28. Qd3 Qe7 29. Rd2 Ne3 30. Rde2 Nd5 31. Nf2 Ne3 32.
Rxe3 dxe3 33. Rxe3 R4f5 34. Ne4 Rf4 35. Qd5 c6 36. Qd6 Qxd6 37. cxd6 Rd8 38. c4 Kg8 39. c5 Kf7 40. Kf2 Ke6 41. Rd3 g5 42. Ke3 Rf7 43. b4 a5 44. b5 Rc8 45. b6 Kd7 46. Rd2 Rf4 47. Re2 Rcf8 48. Rd2 Ke6 49. Rd3 h5 50.
Ke2 g4 51. hxg4 hxg4 52. Ng5+ Kd7 53. Ne4 gxf3+ 54. gxf3 Rh8 55. Ke3 Rh2 56. Rd1 Ra2 57. Rg1 Ra3+ 58. Ke2 Rfxf3 59. Rg7+ Kd8 60. Rg8+ Kd7 61.
Rg7+ Ke8 62. Re7+ Kd8 63. Rxe5 Rfe3+ 64. Kf2 Reb3 65. Re7 Rb2+ 66. Ke1 Ra1# 0-1

[Event "*** Titled Tuesday Blitz"]
[Site "Chess.com"]
[Date "2020.05.05"]
[Round "1"]
[White "Maybe00"]
[Black "jmduque"]
[Result "1-0"]
[WhiteElo "2803"]
[BlackElo "2417"]
[TimeControl "180+1"]
[EndTime "10:08:24 PDT"]
[Termination "Maybe00 won on time"]

1. d4 Nf6 2. c4 b6 3. Nc3 Bb7 4. Qc2 d5 5. cxd5 Nxd5 6. Bd2 e6 7. Nf3 Be7 8. e4 Nxc3 9. Bxc3 O-O 10. Rd1 Nd7 11. Bc4 Qc8 12. O-O c5 13. d5 exd5 14. exd5 Bf6 15. Rfe1 h6 16. Bb5 Bxc3 17. bxc3 a6 18.
Bxd7 Qxd7 19. Ne5 Qd6 20. Nc4 Qf6 21. d6 Rad8 22. Qd3 b5 23. Na5 Bc8 24. Nc6 Rd7 25. Ne7+ Kh8 26. Qh3 Rdd8 27. Nxc8 Rxc8 28. d7 Rcd8 29.
a3 Kg8 30. Rd5 Qc6 31. Red1 a5 32. Qg4 b4 33. cxb4 cxb4 34. axb4 f5 35. Qd4 axb4 36.
Qxb4 Qe6 37. Rd6 Qe7 38. h3 Kh8 39. Qc4 f4 40. Qe6 Qg5 41. Qg4 Qc5 42. R6d5 Qe7 43. Qf3 Rf7 44. Kh2 Qe6 45. Qg4 Qc6 46. f3 Kg8 47. R1d2 Qc7 48. Qe6 Qc3 49. R2d4 Qe3 50. Re4 Qa7 51. Qe8+ Rf8 52. Qxd8 Rxd8 53. Re8+ Kf7 54.
Rxd8 Qf2 55. Rf8+ Kg6 56. Re8 Qg3+ 57. Kg1 Qe1+ 58. Rxe1 1-0

[Event "*** Titled Tuesday Blitz"]
[Site "Chess.com"]
[Date "2020.05.05"]
[Round "1"]
[White "VerdeNotte"]
[Black "CrushingKings"]
[Result "1/2-1/2"]
[WhiteElo "2837"]
[BlackElo "2442"]
[TimeControl "180+1"]
[EndTime "10:08:27 PDT"]
[Termination "Game drawn by agreement"]

1. e4 c5 2. Nc3 e6 3. Nf3 Nc6 4. Bb5 Nge7 5. d4 cxd4 6. Nxd4 a6 7.
Bxc6 Nxc6 8. O-O Qc7 9. Re1 d6 10. Nxc6 bxc6 11. e5 d5 12. Bf4 a5 13. Qg4 h5 14.
Qh4 Be7 15. Bg5 Rb8 16. b3 Rb4 17. f4 Qd8 18. Bxe7 Qxe7 19. Qxe7+ Kxe7 20. g3 h4 21. a3 Rd4 22. Rad1 Rxd1 23. Rxd1 hxg3 24. hxg3 c5 25. Na4 g5 26. Nxc5 gxf4 27. gxf4 Rh3 28. Rd3 Rh4 29.
Rd4 Rh3 30. Nd3 Ba6 31. Kg2 Re3 32. Kf2 Rh3 33. Nc5 Bb5 34. a4 Bc6 35. Rd2 f6 36.
Nd3 d4 37. Re2 Rh2+ 38. Ke1 Rh1+ 39. Kd2 fxe5 40. Nxe5 Bd5 41. Kd3 Rf1 42. Kxd4 Rxf4+ 43. Kc5 Kd8 44. c4 Bh1 45. Kd6 Rd4+ 46. Kxe6 Kc7 47. Rh2 Be4 48. Rh8 Rd6+ 49. Ke7 Rb6 50. Rh3 Bf5 51. Re3 Re6+ 52. Kf8 Rf6+ 53. Kg7 Re6 54. c5 Bc2 55. Kf7 Bxb3 56. Rxb3 Rxe5 57. Rb5 Kc6 58.
Rxa5 Rxc5 59. Ra8 Kb7 60. Re8 Rc4 61. a5 Rc5 62. Ke6 Rxa5 63. Kd6 Rh5 64. Re1 Rh6+ 65.
Kc5 Rh5+ 66. Kd6 1/2-1/2

[Event "*** Titled Tuesday Blitz"]
[Site "Chess.com"]
[Date "2020.05.05"]
[Round "1"]
[White "abhidabhi"]
[Black "dopolian"]
[Result "1-0"]
[WhiteElo "2778"]
[BlackElo "2403"]
[TimeControl "180+1"]
[EndTime "10:08:27 PDT"]
[Termination "abhidabhi won on time"]

1. Nf3 Nf6 2. g3 c5 3. Bg2 Nc6 4. c4 d5 5. cxd5 Nxd5 6. d4 cxd4 7. Nxd4 Nxd4 8. Qxd4 e6 9. O-O Qb6 10. Qd3 Nb4 11. Qb3 Bc5 12. Nc3 Nc6 13. Na4 Qxb3 14.
axb3 Bd4 15. Rd1 Bf6 16. Bf4 e5 17. Be3 O-O 18. Nb6 Rb8 19. Nd5 Be6 20. Bxa7 Nxa7 21. Rxa7 Rfc8 22. Nxf6+ gxf6 23. Rxb7 Rxb7 24. Bxb7 Rc2 25.
Rb1 Bxb3 26. Bf3 Ba2 27. Ra1 Rxb2 28. h4 Rb1+ 29. Rxb1 Bxb1 30. e3 Kg7 31. Bd5 Bf5 32.
Kg2 Bd7 33. Kf3 f5 34. Bc4 Kf6 35. Ke2 h6 36. Kd3 Bc6 37. Kc3 Be4 38. Kb4 Bf3 39.
Kc5 Bb7 40. Bd5 Ba6 41. Kd6 Bd3 42. Kd7 Bb5+ 43. Bc6 Bc4 44. Ke8 Be6 45. Kf8 Bc4 46. Kg8 Kg6 47. Be8 Be6 48. Kf8 Kf6 49. f4 exf4 50.
exf4 Bc4 51. Kg8 Kg6 52. Kf8 Kf6 53. Bd7 Bd5 54. Be8 Be6 55. h5 Bd5 56. Kg8 Bc4 57.
Kh7 1-0

[Event "*** Titled Tuesday Blitz"]
[Site "Chess.com"]
[Date "2020.05.05"]
[Round "1"]
[White "Volodar_Murzin"]
[Black "ChelsieMonica"]
[Result "1/2-1/2"]
[WhiteElo "2650"]
[BlackElo "2337"]
[TimeControl "180+1"]
[EndTime "10:08:27 PDT"]
[Termination "Game drawn by repetition"]

1. e4 e5 2. Nf3 Nc6 3. Bb5 a6 4.
Ba4 Nf6 5. O-O b5 6. Bb3 Be7 7. d3 O-O 8. Nc3 d6 9. a3 Bg4 10.
Be3 Nd4 11. Bxd4 exd4 12. Nd5 c6 13. Nxf6+ Bxf6 14. h3 Bh5 15. g4 Bg6 16. Nh2 d5 17. exd5 c5 18. f4 h5 19. g5 Be7 20. f5 Bh7 21. h4 c4 22. dxc4 bxc4 23. Bxc4 Qc7 24. Qd3 Rab8 25. g6 Bxh4 26. gxh7+ Kh8 27. b3 Bg5 28.
Qh3 Rbe8 29. Rae1 Be3+ 30. Kh1 Re4 31. Bd3 Rf4 32. Rxf4 Qxf4 33. Rf1 Qe5 34. Qxh5 Qxd5+ 35. Qf3 Qd6 36. Ng4 Re8 37. a4 Bg5 38. Kg2 Qb4 39. Rf2 Be3 40. Re2 Qc5 41. f6 g6 42. Kf1 Qg5 43. Nxe3 dxe3 44. Rg2 Qe5 45. Kg1 Qa1+ 46. Kh2 Qe5+ 47. Kh1 Qa1+ 48. Rg1 Qd4 49. Qg4 Qd5+ 50.
Qg2 Qh5+ 51. Qh2 Qf3+ 52. Qg2 Qh5+ 53. Qh2 Qf3+ 54. Rg2 Qxf6 55. Qg3 Qa1+ 56. Kh2 Qg7 57. Re2 f5 58. Kg1 Qa1+ 59. Kg2 Qd4 60. Kf3 Qd5+ 61.
Kf4 Qe5+ 62. Kf3 Qd5+ 63. Kf4 Qe5+ 64. Kf3 Qd5+ 1/2-1/2

[Event "*** Titled Tuesday Blitz"]
[Site "Chess.com"]
[Date "2020.05.05"]
[Round "1"]
[White "ClockworkKubrick"]
[Black "ChesterF"]
[Result "0-1"]
[WhiteElo "2159"]
[BlackElo "2525"]
[TimeControl "180+1"]
[EndTime "10:08:27 PDT"]
[Termination "ChesterF won by resignation"]

1. e4 c5 2. Nf3 d6 3. Nc3 Nf6 4. Bb5+ Nbd7 5. O-O a6 6. Bxd7+ Bxd7 7. d3 e6 8. Be3 Be7 9. h3 O-O 10. Qd2 b5 11. Nh2 Bc6 12. Bg5 d5 13. e5 Nd7 14. Bf4 f6 15. Ng4 d4 16. exf6 Nxf6 17.
Nxf6+ Bxf6 18. Ne4 Bxe4 19. dxe4 e5 20. Bg3 Bg5 21. Qe2 Qe7 22. f3 Rae8 23. a4 c4 24. axb5 axb5 25. b3 Qc5 26. Bf2 Rc8 27. Ra6 cxb3 28.
cxb3 Qb4 29. Rb1 Rfd8 30. h4 d3 31. Qd1 Be7 32. Re6 Bc5 33. Rb2 d2 34. Bxc5 Qxc5+ 35. Kh2 Qc1 36. Rxd2 Qxd1 37. Rxd1 Rxd1 38. Rxe5 Rd2 39.
Rxb5 Rcc2 40. Rb7 Rxg2+ 41. Kh3 Rh2+ 42. Kg4 Rcg2+ 43. Kf5 h6 44. e5 Rf2 45. f4 Rxh4 46. Rb4 Rc2 47. e6 Rc5+ 48. Ke4 g5 49. Kd4 Rc7 50. Kd5 Rxf4 51. Rb8+ Kg7 52. Kd6 Kf6 53. e7 Rxe7 54. Rf8+ Kg7 55. Re8 Rfe4 56. Kc5 R7e6 57. b4 Rxe8 58. b5 Rb8 59. Kd5 Rxb5+ 60. Kd6 h5 61. Kd7 h4 62. Kd8 h3 0-1

[Event "*** Titled Tuesday Blitz"]
[Site "Chess.com"]
[Date "2020.05.05"]
[Round "1"]
[White "SketchyMoves"]
[Black "realmadridtv"]
[Result "1-0"]
[WhiteElo "2625"]
[BlackElo "2307"]
[TimeControl "180+1"]
[EndTime "10:08:28 PDT"]
[Termination "SketchyMoves won on time"]

1. e4 e5 2. Nf3 Nc6 3. Bc4 Bc5 4. d3 Nf6 5. c3 a6 6. O-O d6 7. h3 h6 8. Bb3 Ba7 9. Re1 g5 10. d4 Qe7 11. d5 Nb8 12. Nh2 Nbd7 13. Be3 Nf8 14.
Nd2 Ng6 15. Ndf1 Nf4 16. Bxa7 Rxa7 17. Bc2 h5 18. Ne3 g4 19. h4 Nh7 20. g3 Nh3+ 21. Kg2 Qf6 22. Rf1 Nf8 23. Nf5 Ng6 24.
f3 Bxf5 25. exf5 Nxh4+ 26. gxh4 Nf4+ 27. Kg3 gxf3 28. Nxf3 Rg8+ 29. Ng5 Rxg5+ 30. hxg5 Qxg5+ 31. Kf3 Qg2+ 32. Ke3 Nxd5+ 33. Kd3 e4+ 34. Kd4 Nf6 35.
c4 Qg3 36. Bd3 Qe5+ 37. Ke3 exd3+ 38. Kxd3 Qe4+ 39. Kc3 Kd7 40. Qd3 Qe5+ 41. Qd4 Ne4+ 42. Kd3 Nc5+ 43. Kc3 Na4+ 44. Kd3 Nxb2+ 45. Kc3 Na4+ 46.
Kd3 Nc5+ 47. Kc3 Ne4+ 48. Kd3 Nc5+ 49. Kc3 Na4+ 50. Kd3 Nb2+ 51. Kc3 Qe2 52. Rfe1 Na4+ 53. Kb3 Nc5+ 54. Kc3 Na4+ 55. Kb3 Nc5+ 56. Ka3 Qc2 57. Rab1 1-0

[Event "*** Titled Tuesday Blitz"]
[Site "Chess.com"]
[Date "2020.05.05"]
[Round "1"]
[White "Harsha_Bharathakoti"]
[Black "GracefulYear"]
[Result "1-0"]
[WhiteElo "2821"]
[BlackElo "2426"]
[TimeControl "180+1"]
[EndTime "10:08:29 PDT"]
[Termination "Harsha_Bharathakoti won by checkmate"]

1. Nf3 g6 2. d4 Bg7 3. e4 c6 4. Bd3 d5 5. Nbd2 Bg4 6. c3 e6 7. h3 Bxf3 8. Nxf3 Ne7 9. O-O O-O 10.
Qe2 Nd7 11. Bf4 Re8 12. Rfe1 dxe4 13. Bxe4 Nf6 14. Bc2 Ned5 15. Bg5 h6 16. Bd2 g5 17. Ne5 Qe7 18. c4 Nc7 19. Bc3 Nh7 20. Qf3 Qf6 21. Qh5 Qe7 22. Bxh7+ Kxh7 23. Nxf7 Rf8 24. Ne5 Rf6 25.
Re2 Raf8 26. Rae1 Qd6 27. Qg4 Rf4 28. Qg3 Qd8 29. Qd3+ Kg8 30. Ng6 Bxd4 31. Nxf4 Rxf4 32. Bxd4 Qxd4 33. Qg6+ Qg7 34. Qxg7+ Kxg7 35. Rd2 Kf6 36. Rd7 Na6 37. Rxb7 Rxc4 38. Rxa7 Nc5 39. Re2 Rb4 40. Rc7 Rb6 41. Rc2 Nd3 42. R7xc6 Rb7 43. g3 Nb4 44.
Rc7 Rb6 45. Re2 Nxa2 46. Kg2 Nb4 47. Ra7 Nd5 48. Rc2 h5 49. Ra4 Ne7 50. Rac4 Nf5 51. Rc6 Rb4 52. Rd2 Re4 53. Rb6 Re5 54. b4 Ne7 55. b5 Nd5 56. Rb8 Re4 57. Rb2 Rc4 58. b6 Rc6 59. b7 Rc7 60. Rc8 Rxb7 61. Rxb7 h4 62. Rf8+ Ke5 63. Rg7 hxg3 64. Rxg5+ Kd6 65.
Kxg3 Ne7 66. h4 Nf5+ 67. Rgxf5 exf5 68. Rxf5 Ke6 69. Kf4 Ke7 70. h5 Ke6 71. h6 Ke7 72. h7 Ke6 73. h8=Q Ke7 74. Qg7+ Ke6 75. Qf7+ Kd6 76. Rd5+ Kc6 77. Qd7+ Kb6 78. Rb5+ Ka6 79. Qb7# 1-0

[Event "*** Titled Tuesday Blitz"]
[Site "Chess.com"]
[Date "2020.05.05"]
[Round "1"]
[White "Oleksandr_Bortnyk"]
[Black "karinachess1"]
[Result "1/2-1/2"]
[WhiteElo "2989"]
[BlackElo "2475"]
[TimeControl "180+1"]
[EndTime "10:08:30 PDT"]
[Termination "Game drawn by repetition"]

1. e4 e5 2. Bc4 Nf6 3. d3 c6 4. Nf3 Be7 5. O-O d6 6. h3 O-O 7.
Nc3 Nbd7 8. a3 Nc5 9. Be3 Ne6 10. d4 exd4 11. Nxd4 Nxe4 12. Nxe4 d5 13. Bd3 dxe4 14. Bxe4 Nxd4 15. Bxd4 Bf6 16. Bc5 Qxd1 17. Raxd1 Re8 18. Rfe1 Be6 19. c3 g6 20. Bf3 Kg7 21. Rd2 a6 22. Bb6 Bg5 23. Rde2 Bd7 24. Be4 Be6 25. Bc2 Bd7 26. Rxe8 Rxe8 27. Rd1 Be6 28. a4 h5 29. a5 Bf6 30. Re1 Bd7 31. Rd1 Be6 32. Rd6 Be5 33. Rd2 Bf6 34. Rd6 Be5 35. Rd8 Rxd8 36.
Bxd8 Bd6 37. Bb6 Be5 38. Kf1 Kf8 39. Bc5+ Ke8 40. Bd3 Kd7 41. Ke2 Bg7 42. Bb6 Bh6 43. b4 Bg7 44. Kd2 Bh6+ 45. Kc2 Bg7 46. c4 Be5 47. b5 Kc8 48. bxa6 bxa6 49. c5 Kb7 50.
Be4 Bd7 51. Kd3 Be6 52. Ke3 Bd7 53. f4 Bc3 54. Kf3 Bd2 55. g4 hxg4+ 56. hxg4 f5 57. gxf5 gxf5 58. Bd3 Be6 59. Bd8 Bc1 60. Bb6 Bd2 61. Kg3 Bc1 62. Bd8 Bd2 63. Bc2 Be3 64. Be7 Bd2 65. Bd8 Be3 66. Bb6 Bd2 67. Kf3 Bc1 68.
Bd3 Bd2 1/2-1/2

[Event "*** Titled Tuesday Blitz"]
[Site "Chess.com"]
[Date "2020.05.05"]
[Round "1"]
[White "Yanidze"]
[Black "LittlePeasant"]
[Result "0-1"]
[WhiteElo "2398"]
[BlackElo "2762"]
[TimeControl "180+1"]
[EndTime "10:08:30 PDT"]
[Termination "LittlePeasant won by resignation"]

1. d4 Nf6 2. c4 c5 3. d5 b5 4. cxb5 a6 5. bxa6 Bxa6 6. Nc3 g6 7. g3 d6 8. Bg2 Bg7 9. Nf3 Nbd7 10. Rb1 O-O 11. b3 Qa5 12. Bd2 Bb7 13. a4 Qa6 14.
e4 e6 15. dxe6 fxe6 16. Bf1 Qb6 17. Bd3 d5 18. Qe2 dxe4 19. Nxe4 Qc6 20. Nfg5 h6 21. Nxf6+ Nxf6 22. Qxe6+ Qxe6+ 23. Nxe6 Bxh1 24. Nxf8 Kxf8 25. Bxg6 Bf3 26. Rc1 Nd7 27. Bf5 Re8+ 28. Be3 Ne5 29. Bxc5+ Kf7 30. Be3 Rd8 31. a5 Bf8 32. a6 Bb4+ 33. Kf1 Kf6 34. Bb1 Ba3 35. Re1 Bb4 36. Rc1 Ba3 37. Re1 Ng4 38. Kg1 Bb4 39. Rc1 Ba3 40.
Re1 h5 41. h3 Ne5 42. a7 Ba8 43. b4 Nf3+ 44. Kg2 Nxe1+ 45. Kf1 Nd3 46. Ke2 Ne5 47. Bc5 Nc6 48. f4 Bxb4 49. Bb6 Re8+ 50. Kf3 Ne5+ 51. Kf2 Nc4 52. Bd4+ Kf7 53. Ba2 Rc8 54. Be5 Ke7 55. Bd4 Nd6 56. Bb1 Bc5 57.
Ke3 Nc4+ 58. Kd3 Bxd4 59. Kxd4 Nd6 60. g4 hxg4 61. hxg4 Nb5+ 62. Ke5 Nxa7 63. f5 Nc6+ 64. Kf4 Nd4 65. g5 Rc1 66. f6+ Kf7 67. Ba2+ Kg6 68. Bg8 Rf1+ 69. Ke5 Nf3+ 70. Ke6 Nxg5+ 71. Ke7 Rxf6 0-1